 Dungeon Crawl Stone Soup version 0.31.0-1-g2c135a008e (webtiles) character file.

Game seed: 10175276028743479415

221 qw the Shooter (level 6, -1/46 HPs)
             Began as a Djinni Hunter on Jan 23, 2024.
             Slain by an orc
             ... wielding a +0 hand axe
              (5 damage)
             ... on level 4 of the Dungeon.
             The game lasted 00:00:09 (2799 turns).

qw the Shooter (Djinni Hunter)                      Turns: 2799, Time: 00:00:09

Health: -1/46      AC:  5    Str: 10    XL:     6   Next: 18%
Gold:   83         EV: 11    Int: 10    God:
                   SH:  0    Dex: 19

rFire   + . .        a - +0 shortbow
rCold   . . .        (shield currently unavailable)
rNeg    . . .        h - +0 ring mail
rPois   inf          (no helmet)
rElec   .            (no cloak)
rCorr   .            (no gloves)
SInv    .            (boots unavailable)
Will    .....        (no amulet)
Stlth   +            g - ring of ice
HPRegen 0.27/turn    (no ring)
MPRegen 0.00/turn

%: infuse magic (-2 HP)
@: flying
A: sickness immunity, fire resistance 2, cold vulnerability 1, float, innate
caster, HP casting, extra vitality 1
a: no special abilities


You were on level 4 of the Dungeon.
You visited 1 branch of the dungeon, and saw 4 of its levels.

You collected 83 gold pieces.


Innate Abilities, Weirdness & Mutations

You are immune to sickness and miasma.
You are immune to poison.
Your flesh is very heat resistant. (rF++)
You are vulnerable to cold. (rC-)
You float through the air rather than walking.
You learn spells naturally, not from books.
Your magical power is your life essence.
You have superior vitality. (+4 MHP)


   Skills:
 + Level 3.1 Fighting
 - Level 5.0 Ranged Weapons
 - Level 1.0 Armour
 - Level 3.1 Dodging
 - Level 0.7 Stealth


You knew the following spells:

 Your Spells              Type           Power      Damage    Failure   Level
a - Apportation           Tloc           0%         N/A       67%         1
b - Static Discharge      Conj/Air       0%         3-3/arc   82%         2
Your spell library was empty.

Inventory:

Hand Weapons
 a - a +0 shortbow (weapon)
Armour
 h - a +0 ring mail (worn)
Jewellery
 g - a ring of ice (left hand)
Potions
 c - a potion of curing {unknown}
 e - a potion of enlightenment {unknown}
 f - a potion of degeneration {unknown}
 i - a potion of might {unknown}

Dungeon Overview and Level Annotations

Branches:
Dungeon (4/15)
 Temple: D:4-7

Altars:

Annotations:
D:3 1 runed translucent door, Crazy Yiuf


Message History

The orc priest is almost dead.
The orc hits you with a +0 hand axe.
You shoot an arrow. The arrow hits the orc priest!
You kill the orc priest!
An orc comes into view. It is wielding a +0 whip.
The orc hits you with a +0 hand axe.
Your Ranged Weapons skill increases to level 5!
You have reached level 6!
You shoot an arrow. The arrow hits the orc priest.
The orc priest is moderately wounded.
The orc closely misses you.
The orc priest hits you with a +0 whip. x2
The orc hits you with a +0 hand axe.
You shoot an arrow. The arrow hits the orc priest.
The orc priest is moderately wounded.
The orc priest hits you but does no damage.
The orc hits you with a +0 hand axe.
You shoot an arrow.
The arrow hits the orc priest but does no damage.
The orc priest is moderately wounded.
The orc priest hits you but does no damage.
The orc misses you.
You shoot an arrow. The arrow hits the orc priest.
The orc priest is severely wounded.
The orc priest barely misses you. The orc barely misses you.
The orc misses you.
The orc priest hits you but does no damage.
You shoot an arrow. The arrow hits the orc priest!
You kill the orc priest!
The orc barely misses you.
Your Dodging skill increases to level 3!
You shoot an arrow. The arrow barely misses the orc.
The orc barely misses you. x2
You shoot an arrow. The arrow hits the orc.
The orc is moderately wounded.
The orc hits you but does no damage. x2
You shoot an arrow. The arrow barely misses the orc.
The orc barely misses you. The orc misses you. The orc barely misses you.
The orc hits you with a +0 whip.
You shoot an arrow. The arrow barely misses the orc.
The orc barely misses you. The orc hits you with a +0 hand axe.
You die...

# #####.#
##..<..# #
#..#####
#...###)##
#....o@#
##.#.o##
#....
#......
..##.## #
#. #.


You could see 2 orcs.

Vanquished Creatures
  A hound (D:3)
  2 orc priests (D:4)
  An orc wizard (D:3)
  3 adders
  2 dart slugs
  6 orcs (D:3)
  4 bats
  3 endoplasms
  2 giant cockroaches
  9 hobgoblins
  5 jackals (D:2)
  4 quokkas
  6 ball pythons
  6 frilled lizards
  4 goblins
  3 kobolds
  5 rats
66 creatures vanquished.

Notes
Turn   | Place    | Note
-------+----------+-------------------------------------------
     0 | D:1      | qw the Djinni Hunter began the quest for the Orb.
     0 | D:1      | Reached XP level 1. HP: 18/18 MP: 0/0
     0 | D:1      | 0 ||| qw: Version: 0.3-a-135-gb77e89d
     0 | D:1      | 0 ||| qw: Game counter: 789
     0 | D:1      | 0 ||| qw: Melee chars always use a shield: true
     0 | D:1      | 0 ||| qw: God list: Okawaru
     0 | D:1      | 0 ||| qw: Allow faded altars: false
     0 | D:1      | 0 ||| qw: Do Orc after clearing Dungeon:15 true
     0 | D:1      | 0 ||| qw: Do second Lair branch before Depths: true
     0 | D:1      | 0 ||| qw: Lair rune preference: random
     0 | D:1      | 0 ||| qw: Goals: Normal
     0 | D:1      | 0 ||| PLANNING D:1-11
   127 | D:1      | Reached XP level 2. HP: 23/23 MP: 0/0
   437 | D:1      | Reached XP level 3. HP: 28/28 MP: 0/0
   437 | D:1      | Learned a level 1 spell: Apportation
   587 | D:1      | 587 ||| READING scroll labelled BOCEESTR JEEL.
   588 | D:1      | 588 ||| READING scroll labelled YNGYZXUHULU.
   689 | D:1      | 689 ||| READING scroll labelled SOZOFY SEOSYH.
   690 | D:1      | 690 ||| DROPPING scroll of butterflies.
   704 | D:2      | Reached skill level 4 in Ranged Weapons
  1034 | D:2      | Reached skill level 3 in Fighting
  1034 | D:2      | Reached XP level 4. HP: 35/35 MP: 0/0
  1523 | D:2      | 1523 ||| UPGRADING to +0 ring mail.
  1533 | D:2      | 1533 ||| DROPPING +0 leather armour.
  1534 | D:2      | 1534 ||| UPGRADING to ring of ice.
  1535 | D:2      | 1535 ||| READING 3 scrolls labelled HENIRI PUVUYS.
  1536 | D:2      | 1536 ||| DROPPING 2 scrolls of amnesia.
  1567 | D:3      | 1567 ||| STAIRDANCE
  1670 | D:3      | Reached skill level 1 in Armour
  1754 | D:3      | Found a runed translucent door.
  1755 | D:3      | Noticed Crazy Yiuf
  1904 | D:3      | Reached XP level 5. HP: 13/40 MP: 0/0
  1904 | D:3      | Learned a level 2 spell: Static Discharge
  2717 | D:3      | 2717 ||| READING scroll labelled DOIRRO RIFANK.
  2717 | D:3      | 2717 ||| IDENTIFYING smoky emerald potion
  2718 | D:3      | 2718 ||| DROPPING potion of invisibility.
  2791 | D:4      | Reached skill level 5 in Ranged Weapons
  2791 | D:4      | Reached XP level 6. HP: 18/46 MP: 0/0
  2791 | D:4      | HP: 11/46 [orc/+0 hand axe (5)]
  2796 | D:4      | Reached skill level 3 in Dodging
  2798 | D:4      | HP: 4/46 [orc/+0 whip (5)]
  2799 | D:4      | Slain by an orc

Levels and vault maps discovered:
D:1:      dpeg_arrival_pits, layout_basic
D:2:      layout_basic, grunt_ministairs_15
D:3:      layout_loops_corners, minmay_misc_feat_pillars,
          uniq_crazy_yiuf_cottage
D:4:      layout_rooms, gammafunk_ghost_abyssal_escape, serial_undead,
          serial_undead_d, serial_undead_d, serial_undead_a, serial_undead_d,
          hangedman_abyss_or_decor_stagger

Skill      XL: |  1  2  3  4  5  6 |
---------------+-------------------+-----
Ranged Weapons | 4 5 |  5.0
Fighting       | 3 |  3.1
Armour         | 1 |  1.0
Dodging        | 3 |  3.1
Stealth        | |  0.7

Action                     |  1- 3 |  4- 6 || total
---------------------------+-------+-------++-------
   Fire: Shortbow          |    77 |   116 ||   193
    Use: Scroll            |     3 |     2 ||     5
 Armour: Leather armour    |     8 |     3 ||    11
         Ring mail         |       |    45 ||    45
  Dodge: Dodged            |    11 |    51 ||    62

Table legend:
 A = Non-vault XP
 B = Vault XP
 C = Vault XP percentage of total XP
 D = Non-vault monster count
 E = Vault monster count
 F = Vault count percentage of total count
                 A         B        C        D         E       F
            +---------+---------+-------+---------+---------+-------
      Total |     314 |       2 |   0.6 |      64 |       2 |   3.0
            +---------+---------+-------+---------+---------+-------
        D:1 |      29 |       0 |   0.0 |      18 |       0 |   0.0
        D:2 |      65 |       2 |   3.0 |      22 |       2 |   8.3
        D:3 |     135 |       0 |   0.0 |      22 |       0 |   0.0
        D:4 |      85 |       0 |   0.0 |       2 |       0 |   0.0
            +---------+---------+-------+---------+---------+-------
